 Dungeon Crawl Stone Soup version 0.29.0-4-gdea44cf6ec (webtiles) character file.

Game seed: 6267597481699342622

18560 qw the Cleaver (level 12, -17/80 HPs)
             Began as a Gargoyle Berserker on Sept 4, 2022.
             Was an Elder of Trog.
             Demolished by a death yak (19 damage)
             ... on level 1 of the Lair of Beasts.
             The game lasted 00:04:47 (14111 turns).

qw the Cleaver (Gargoyle Berserker)                Turns: 14111, Time: 00:04:48

Health: -17/80     AC: 30    Str: 25    XL:     12   Next: 59%
Magic:  12/12      EV:  8    Int:  9    God:    Trog [****..]
Gold:   281        SH:  0    Dex:  9    Spells: 11/11 levels left

rFire   + . .      SeeInvis .   e - +4 war axe (vorpal)
rCold   . . .      Faith    .   (no shield)
rNeg    + + .      Spirit   .   g - +0 plate armour
rPois   inf        Reflect  .   r - +2 helmet
rElec   +          Harm     .   (no cloak)
rCorr   .          Rampage  .   p - +1 pair of gloves
Will    .....                   j - +0 pair of boots
Stlth   ..........              m - amulet of regeneration
HPRegen 1.03/turn               k - ring of positive energy
MPRegen 0.13/turn               h - ring of protection from fire

@: on berserk cooldown, slowed, very slow
A: sickness immunity, AC +8, negative energy resistance 1, electricity
resistance, torment resistance 1, petrification resistance
a: Renounce Religion, Berserk, Trog's Hand, Brothers in Arms


You were on level 1 of the Lair of Beasts.
You worshipped Trog.
Trog was greatly pleased with you.
You visited 2 branches of the dungeon, and saw 12 of its levels.

You collected 506 gold pieces.
You spent 225 gold pieces at shops.


Innate Abilities, Weirdness & Mutations

You are immune to sickness and miasma.
Your stone body is resilient. (AC +8)
You are immune to poison.
You resist negative energy. (rN+)
You are resistant to electric shocks. (rElec)
You are resistant to unholy torment.
You are immune to petrification.


   Skills:
 - Level 11.0 Fighting
 + Level 14.3 Axes
 - Level 2.6 Throwing
 - Level 10.0 Armour
 - Level 2.1 Dodging


You had 11 spell levels left.
You didn't know any spells.
Your spell library was empty.

Inventory:

Hand Weapons
 c - a +0 morningstar
 e - a +4 vorpal war axe (weapon)
Missiles
 l - 2 boomerangs (quivered)
Armour
 g - a +0 plate armour (worn)
 j - a +0 pair of boots (worn)
 p - a +1 pair of gloves (worn)
 r - a +2 helmet (worn)
Jewellery
 h - a ring of protection from fire (right hand)
 k - a ring of positive energy (left hand)
 m - an amulet of regeneration (around neck)
Scrolls
 a - 10 scrolls of identify
Potions
 b - 2 potions of haste
 f - 2 potions of curing
 i - a potion of might
 n - 2 potions of ambrosia {unknown}
 o - 3 potions of mutation

Dungeon Overview and Level Annotations

Branches:
Dungeon (11/15)            Temple (0/1) D:7            Lair (1/5) D:11
    Orc (0/2) D:11

Altars:
Uskayaw
Xom

Shops:
D:2 *[**[   D:5 *   D:8 *?

Annotations:
D:6 1 runed translucent door, Crazy Yiuf
D:7 5 runed translucent doors


Message History

You barely miss the death yak. You hit the dream sheep.
The dream sheep bites you but does no damage.
The death yak gores you!
You hit the death yak.
The death yak is moderately wounded.
You hit the death yak. You slash the dream sheep!
The dream sheep splashes around in the water.
The death yak gores you. The death yak gores you!
You slash the dream sheep!
You kill the dream sheep!
Trog accepts your kill.
You hit the death yak. You hit the death yak but do no damage.
The death yak gores you.
The death yak gores you but does no damage.
You barely miss the death yak.
The death yak is moderately wounded.
You hit the death yak but do no damage. You slice the death yak!!
The death yak gores you but does no damage.
The death yak gores you!
The death yak gores you but does no damage.
You slash the death yak!
The death yak is moderately wounded.
You hit the death yak. You slash the death yak! The death yak gores you.
The death yak gores you!
The death yak gores you but does no damage.
You slash the death yak!
The death yak is heavily wounded.
You slash the death yak! You hit the death yak.
The death yak barely misses you. The death yak gores you.
The death yak gores you but does no damage.
The death yak gores you!
14110 ||| DRINKING potion of heal wounds.
You feel much better. The death yak gores you!
The death yak gores you but does no damage.
You slash the death yak!
The death yak is severely wounded.
You hit the death yak but do no damage. You slash the death yak!
The death yak gores you! The death yak gores you!!
You die...

.......PP ......~7~~7
....# ## .....~77.~.~7~
...##.#
.....~......7~7......##
...777........~~......##
..~~~.........Y7S......#
..P~...Y.$..YYY7.......#
..P~....!...YYY~Y.......
..7~~...$$(YYYYY@.......
..~7.......YYYYY~.......
...777.....YYY~~........
.%..P~YY....~~7..#......
.)...7~.~~~~~P..#.#.....
.#....~7~7~7P....##.....
#......PP%~~............
##......................
#.....#.....%...........


You could see 6 death yaks, 13 yaks, 2 dream sheep and an electric eel.

Vanquished Creatures
  3 boulder beetles (D:11)
  2 two-headed ogres (D:9)
  A fire crab (Lair:1)
  An ugly thing (D:11)
  3 oklob plants
  6 elephants (Lair:1)
  4 cane toads (Lair:1)
  An unseen horror (D:11)
  A komodo dragon (Lair:1)
  3 trolls
  2 dream sheep (Lair:1)
  A shadow (D:9)
  A wraith (D:11)
  26 yaks
  2 acid dragons (D:11)
  Duvessa (D:5)
  A water moccasin (Lair:1)
  3 sky beasts
  3 orc warriors
  An ice beast (D:7)
  A black bear (D:6)
  5 ogres
  3 kobold brigands
  A necrophage (D:7)
  4 bullfrogs
  5 scorpions
  15 wights
  Dowan (D:5)
  6 killer bees
  An electric eel (Lair:1)
  7 howler monkeys
  3 jellies
  7 orc priests
  2 hounds
  4 iguanas
  7 orc wizards
  3 gnolls (D:8)
  5 adders
  5 shadow imps
  A white imp (D:6)
  3 worms
  3 dart slugs
  40 orcs
  7 endoplasms
  6 giant cockroaches
  8 goblins
  7 hobgoblins
  16 kobolds
  8 quokkas
  3 ball pythons
  5 bats
  2 frilled lizards
  5 rats
  A bush (Lair:1)
266 creatures vanquished.

Vanquished Creatures (others)
  3 bushes (Lair:1)
  A fungus (Lair:1)
  38 plants
42 creatures vanquished.

Grand Total: 308 creatures vanquished

Notes
Turn   | Place    | Note
-------+----------+-------------------------------------------
     0 | D:1      | qw the Gargoyle Berserker began the quest for the Orb.
     0 | D:1      | Reached XP level 1. HP: 14/14 MP: 1/1
     0 | D:1      | 0 ||| qw: Version: 0.1-a-103-gd6f5d3a
     0 | D:1      | 0 ||| qw: Game counter: 5383
     0 | D:1      | 0 ||| qw: Always use a shield: true
     0 | D:1      | 0 ||| qw: Do Orc after D:15 true
     0 | D:1      | 0 ||| qw: Do second Lair branch before Depths: true
     0 | D:1      | 0 ||| qw: Lair rune preference: random
     0 | D:1      | 0 ||| qw: Plans: Normal
     0 | D:1      | 0 ||| PLANNING D:1-11
    50 | D:1      | 50 ||| INVOKING Berserk.
   342 | D:1      | Reached skill level 3 in Axes
   648 | D:1      | Reached XP level 2. HP: 18/19 MP: 2/2
   808 | D:1      | 808 ||| Stepping ~*~*~tactically~*~*~ (hiding).
   949 | D:1      | 949 ||| Stepping ~*~*~tactically~*~*~ (hiding).
  1253 | D:1      | 1253 ||| INVOKING Berserk.
  1459 | D:1      | Reached XP level 3. HP: 16/23 MP: 3/3
  1780 | D:1      | 1780 ||| UPGRADING to +0 pair of boots.
  1785 | D:1      | 1785 ||| READING scroll labelled EVUCKULUIG.
  1786 | D:1      | 1786 ||| READING scroll labelled SUIHOCOACO.
  1787 | D:1      | 1787 ||| READING scroll labelled FATEOTSU FEID.
  1788 | D:1      | 1788 ||| READING scroll labelled TUOQOBLAWARPH.
  1793 | D:1      | 1793 ||| READING 3 scrolls labelled GIUTOILURU.
  1794 | D:1      | 1794 ||| DRINKING 2 inky potions.
  1795 | D:1      | 1795 ||| DRINKING 2 fuming green potions.
  1796 | D:1      | 1796 ||| DROPPING potion of flight.
  1797 | D:1      | 1797 ||| DROPPING 2 scrolls of fog.
  1892 | D:2      | Found Guklouka's Armour Shop.
  1915 | D:2      | 1915 ||| SHOPLISTING +0 leather armour (26 gold, have 18).
  1915 | D:2      | 1915 ||| SHOPLISTING +0 ring mail (52 gold, have 18).
  1915 | D:2      | 1915 ||| SHOPLISTING +0 tower shield (58 gold, have 18).
  1915 | D:2      | 1915 ||| SHOPLISTING +1 scale mail of fire resistance (208
                  | gold, have 18).
  1921 | D:2      | 1921 ||| Stepping ~*~*~tactically~*~*~ (stealth).
  1922 | D:2      | 1922 ||| Stepping ~*~*~tactically~*~*~ (stealth).
  1934 | D:2      | 1934 ||| Stepping ~*~*~tactically~*~*~ (stealth).
  1937 | D:2      | 1937 ||| Stepping ~*~*~tactically~*~*~ (stealth).
  1957 | D:2      | Found Bollono's Assorted Antiques.
  1967 | D:2      | 1967 ||| SHOPLISTING scroll labelled OHURRI FOURGHIL (31
                  | gold, have 26).
  1967 | D:2      | 1967 ||| SHOPLISTING scroll of identify (62 gold, have 26).
  2012 | D:2      | Found Ellunoasm's Armour Emporium.
  2021 | D:2      | 2021 ||| SHOPLISTING +0 chain mail (58 gold, have 26).
  2021 | D:2      | 2021 ||| SHOPLISTING +0 scale mail "Weengown" {rC++ rN+
                  | Slay+3 Stlth-} (570 gold, have 26).
  2021 | D:2      | 2021 ||| SHOPLISTING +0 tower shield (58 gold, have 26).
  2021 | D:2      | 2021 ||| SHOPLISTING +2 robe of the Archmagi (490 gold,
                  | have 26).
  2021 | D:2      | 2021 ||| SHOPLISTING +2 robe of willpower (230 gold, have
                  | 26).
  2021 | D:2      | 2021 ||| SHOPLISTING +3 crown of Dyrovepreva {rElec Int+2
                  | SInv} (538 gold, have 26).
  2021 | D:2      | 2021 ||| SHOPLISTING +3 ring mail (273 gold, have 26).
  2095 | D:2      | 2095 ||| Stepping ~*~*~tactically~*~*~ (stealth).
  2097 | D:2      | 2097 ||| Stepping ~*~*~tactically~*~*~ (stealth).
  2100 | D:2      | 2100 ||| Stepping ~*~*~tactically~*~*~ (stealth).
  2101 | D:2      | 2101 ||| Stepping ~*~*~tactically~*~*~ (stealth).
  2103 | D:2      | 2103 ||| Stepping ~*~*~tactically~*~*~ (stealth).
  2104 | D:2      | 2104 ||| Stepping ~*~*~tactically~*~*~ (stealth).
  2106 | D:2      | Reached ** piety under Trog
  2107 | D:2      | Reached skill level 4 in Axes
  2242 | D:2      | 2242 ||| DROPPING +0 club.
  2248 | D:2      | 2248 ||| Stepping ~*~*~tactically~*~*~ (stealth).
  2255 | D:2      | 2255 ||| INVOKING Berserk.
  2429 | D:2      | Found Emihaach's Assorted Antiques.
  2436 | D:2      | Found Yjiemes's Assorted Antiques.
  2439 | D:2      | 2439 ||| SHOPLISTING plate armour (621 gold, have 48).
  2439 | D:2      | 2439 ||| SHOPLISTING ring mail (108 gold, have 48).
  2439 | D:2      | 2439 ||| BUYING scroll labelled OHURRI FOURGHIL (27 gold).
  2439 | D:2      | Bought a scroll labelled OHURRI FOURGHIL for 27 gold pieces
  2439 | D:2      | 2439 ||| SHOPLISTING scroll labelled XOIMOA MODOM (27 gold,
                  | have 21).
  2439 | D:2      | 2439 ||| SHOPLISTING white potion (24 gold, have 21).
  2444 | D:2      | 2444 ||| SHOPLISTING potion of curing (66 gold, have 21).
  2444 | D:2      | 2444 ||| SHOPLISTING scale mail (88 gold, have 21).
  2444 | D:2      | 2444 ||| SHOPLISTING scroll labelled OHURRI FOURGHIL (22
                  | gold, have 21).
  2444 | D:2      | 2444 ||| SHOPLISTING scroll of identify (44 gold, have 21).
  2514 | D:2      | 2514 ||| Stepping ~*~*~tactically~*~*~ (hiding).
  2523 | D:2      | Reached XP level 4. HP: 28/28 MP: 4/4
  2857 | D:2      | 2857 ||| READING scroll labelled WEFFYGGA RORU.
  2958 | D:2      | 2958 ||| READING scroll labelled ENAAMO ZICAGON.
  2959 | D:2      | 2959 ||| READING scroll labelled OHURRI FOURGHIL.
  2960 | D:2      | 2960 ||| READING 2 scrolls labelled YBIL HUBROITOZ.
  2961 | D:2      | 2961 ||| DROPPING scroll of blinking.
  3094 | D:3      | 3094 ||| Stepping ~*~*~tactically~*~*~ (stealth).
  3196 | D:3      | 3196 ||| Stepping ~*~*~tactically~*~*~ (stealth).
  3216 | D:3      | 3216 ||| Stepping ~*~*~tactically~*~*~ (stealth).
  3259 | D:3      | 3259 ||| Stepping ~*~*~tactically~*~*~ (stealth).
  3261 | D:3      | 3261 ||| Stepping ~*~*~tactically~*~*~ (stealth).
  3518 | D:3      | 3518 ||| DROPPING ring of magical power.
  3579 | D:4      | Noticed an ogre
  3581 | D:4      | 3581 ||| INVOKING Berserk.
  3584 | D:4      | Killed an ogre
  3585 | D:4      | Reached skill level 5 in Axes
  3585 | D:4      | Reached XP level 5. HP: 32/32 MP: 5/5
  3804 | D:4      | Reached XP level 6. HP: 38/38 MP: 6/6
  3874 | D:4      | 3874 ||| INVOKING Berserk.
  3878 | D:4      | Reached skill level 6 in Axes
  4100 | D:4      | 4100 ||| Stepping ~*~*~tactically~*~*~ (stealth).
  4122 | D:4      | 4122 ||| INVOKING Berserk.
  4126 | D:4      | Noticed a sky beast
  4140 | D:4      | 4140 ||| Stepping ~*~*~tactically~*~*~ (stealth).
  4145 | D:4      | HP: 9/38 [something (2)]
  4147 | D:4      | Killed a sky beast
  4148 | D:4      | Reached XP level 7. HP: 11/43 MP: 7/7
  4183 | D:4      | 4183 ||| FLEEEEING.
  4184 | D:4      | 4184 ||| INVOKING Berserk.
  4193 | D:4      | Reached skill level 7 in Axes
  4199 | D:4      | 4199 ||| Stepping ~*~*~tactically~*~*~ (stealth).
  4389 | D:4      | 4389 ||| SWAPPING to +4 hand axe.
  4390 | D:4      | 4390 ||| DROPPING +0 hand axe.
  4503 | D:4      | 4503 ||| Stepping ~*~*~tactically~*~*~ (stealth).
  4505 | D:4      | 4505 ||| INVOKING Berserk.
  4685 | D:4      | 4685 ||| Stepping ~*~*~tactically~*~*~ (hiding).
  4694 | D:4      | 4694 ||| INVOKING Berserk.
  4904 | D:4      | 4904 ||| UPGRADING to +0 ring mail.
  4914 | D:4      | 4914 ||| DROPPING +0 animal skin.
  4915 | D:4      | 4915 ||| UPGRADING to +2 leather armour of fire resistance.
  4925 | D:4      | 4925 ||| UPGRADING to ring of positive energy.
  4926 | D:4      | 4926 ||| READING scroll labelled VAPTIO UNUATS.
  4927 | D:4      | 4927 ||| DRINKING 2 fizzy amethyst potions.
  4962 | D:4      | 4962 ||| READING 5 scrolls of identify.
  4962 | D:4      | 4962 ||| IDENTIFYING brown potion
  4963 | D:4      | 4963 ||| READING 4 scrolls of identify.
  4963 | D:4      | 4963 ||| IDENTIFYING fuming inky potion
  4964 | D:4      | 4964 ||| DROPPING potion of lignification.
  4965 | D:4      | 4965 ||| DROPPING potion of attraction.
  4998 | D:5      | Entered Level 5 of the Dungeon
  5018 | D:5      | 5018 ||| Stepping ~*~*~tactically~*~*~ (stealth).
  5030 | D:5      | 5030 ||| INVOKING Berserk.
  5032 | D:5      | HP: 16/66 [killer bee (6)]
  5034 | D:5      | HP: 3/66 [killer bee (5)]
  5037 | D:5      | HP: 1/66 [killer bee (2)]
  5348 | D:5      | Noticed Duvessa
  5349 | D:5      | Noticed Dowan
  5352 | D:5      | 5352 ||| INVOKING Berserk.
  5357 | D:5      | Killed Dowan
  5360 | D:5      | Killed Duvessa
  5361 | D:5      | Reached skill level 8 in Axes
  5361 | D:5      | Reached XP level 8. HP: 24/49 MP: 8/8
  5580 | D:5      | Found Guewaom's General Store.
  5588 | D:5      | 5588 ||| BUYING scroll of teleportation (33 gold).
  5588 | D:5      | Bought a scroll of teleportation for 33 gold pieces
  5588 | D:5      | 5588 ||| SHOPLISTING wand of digging (7) (323 gold, have
                  | 58).
  5592 | D:5      | 5592 ||| INVOKING Berserk.
  5593 | D:5      | 5593 ||| INVOKING Berserk.
  5597 | D:5      | Reached skill level 6 in Fighting
  5872 | D:5      | 5872 ||| INVOKING Berserk.
  5879 | D:5      | HP: 15/76 [wight/+0 flail (8)]
  6136 | D:5      | 6136 ||| DROPPING +0 whip.
  6194 | D:5      | Reached skill level 9 in Axes
  6470 | D:5      | 6470 ||| READING scroll labelled BIM ICKENAMI.
  6471 | D:5      | 6471 ||| READING scroll labelled LOTAWIO YXEE.
  6472 | D:5      | 6472 ||| READING 3 scrolls of identify.
  6472 | D:5      | 6472 ||| IDENTIFYING bubbling grey potion
  6473 | D:5      | 6473 ||| READING 2 scrolls of identify.
  6473 | D:5      | 6473 ||| IDENTIFYING sapphire potion
  6474 | D:5      | 6474 ||| DROPPING potion of degeneration.
  6572 | D:6      | 6572 ||| INVOKING Berserk.
  6685 | D:6      | 6685 ||| Stepping ~*~*~tactically~*~*~ (stealth).
  6700 | D:6      | Reached XP level 9. HP: 57/57 MP: 9/9
  6727 | D:6      | 6727 ||| Stepping ~*~*~tactically~*~*~ (stealth).
  6731 | D:6      | 6731 ||| INVOKING Berserk.
  6778 | D:6      | 6778 ||| Stepping ~*~*~tactically~*~*~ (stealth).
  6860 | D:6      | 6860 ||| Stepping ~*~*~tactically~*~*~ (hiding).
  6861 | D:6      | 6861 ||| Stepping ~*~*~tactically~*~*~ (hiding).
  7117 | D:6      | Found a runed translucent door.
  7118 | D:6      | Noticed Crazy Yiuf
  7260 | D:6      | 7260 ||| DROPPING +0 ring mail.
  7261 | D:6      | 7261 ||| UPGRADING to +0 plate armour.
  7271 | D:6      | 7271 ||| DROPPING +2 leather armour of fire resistance.
  7272 | D:6      | 7272 ||| UPGRADING to +0 pair of gloves.
  7277 | D:6      | 7277 ||| DROPPING scarf of shadows.
  7278 | D:6      | 7278 ||| READING 3 scrolls labelled GECAEH XUGAMM.
  7279 | D:6      | 7279 ||| READING 2 scrolls of enchant weapon.
  7279 | D:6      | 7279 ||| ENCHANTING +5 hand axe.
  7280 | D:6      | 7280 ||| READING scroll of enchant weapon.
  7280 | D:6      | 7280 ||| ENCHANTING +6 hand axe.
  7281 | D:6      | 7281 ||| READING scroll labelled ZUAMMI CERROQ.
  7282 | D:6      | 7282 ||| DRINKING 2 yellow potions.
  7283 | D:6      | 7283 ||| READING 2 scrolls of identify.
  7283 | D:6      | 7283 ||| IDENTIFYING white potion
  7336 | D:7      | Reached skill level 3 in Armour
  7336 | D:7      | 7336 ||| STAIRDANCE
  7564 | D:7      | Found a runed translucent gate.
  7571 | D:7      | Found a runed translucent door.
  7572 | D:7      | Found a runed translucent gate.
  7578 | D:7      | Reached *** piety under Trog
  7598 | D:7      | 7598 ||| INVOKING Berserk.
  7836 | D:7      | Found a staircase to the Ecumenical Temple.
  7844 | D:7      | Found the +9 staff of Olgreb {rPois∞}
  7856 | D:7      | 7856 ||| Stepping ~*~*~tactically~*~*~ (stealth).
  7857 | D:7      | 7857 ||| Stepping ~*~*~tactically~*~*~ (stealth).
  7859 | D:7      | 7859 ||| Stepping ~*~*~tactically~*~*~ (stealth).
  7860 | D:7      | 7860 ||| Stepping ~*~*~tactically~*~*~ (stealth).
  7861 | D:7      | 7861 ||| Stepping ~*~*~tactically~*~*~ (stealth).
  7862 | D:7      | 7862 ||| Stepping ~*~*~tactically~*~*~ (stealth).
  7870 | D:7      | 7870 ||| Stepping ~*~*~tactically~*~*~ (stealth).
  7871 | D:7      | 7871 ||| Stepping ~*~*~tactically~*~*~ (stealth).
  7877 | D:7      | 7877 ||| DROPPING +0 flail.
  7897 | D:7      | 7897 ||| Stepping ~*~*~tactically~*~*~ (stealth).
  7904 | D:7      | Reached skill level 6 in Armour
  7977 | D:7      | 7977 ||| INVOKING Berserk.
  7992 | D:7      | 7992 ||| FLEEEEING.
  7994 | D:7      | 7994 ||| FLEEEEING.
  7998 | D:7      | Reached skill level 10 in Axes
  7999 | D:7      | 7999 ||| STAIRDANCE
  8216 | D:7      | 8216 ||| SWAPPING to +0 vorpal war axe.
  8217 | D:7      | 8217 ||| DROPPING +7 hand axe.
  8218 | D:7      | 8218 ||| READING scroll of enchant weapon.
  8218 | D:7      | 8218 ||| ENCHANTING +0 vorpal war axe.
  8222 | D:7      | Found a runed translucent door.
  8225 | D:7      | Found a runed translucent gate.
  8334 | D:7      | 8334 ||| READING scroll of enchant armour.
  8334 | D:7      | 8334 ||| ENCHANTING +0 pair of gloves.
  8465 | D:7      | 8465 ||| READING scroll of teleportation.
  8497 | D:8      | Found Teitaoge's Magic Scroll Shoppe.
  8531 | D:8      | Found Bykesiel's Magic Scroll Emporium.
  8542 | D:8      | 8542 ||| Stepping ~*~*~tactically~*~*~ (stealth).
  8543 | D:8      | 8543 ||| BUYING scroll of identify (30 gold).
  8543 | D:8      | Bought a scroll of identify for 30 gold pieces
  8543 | D:8      | 8543 ||| BUYING scroll of identify (30 gold).
  8543 | D:8      | Bought a scroll of identify for 30 gold pieces
  8543 | D:8      | 8543 ||| BUYING scroll of identify (30 gold).
  8543 | D:8      | Bought a scroll of identify for 30 gold pieces
  8543 | D:8      | 8543 ||| BUYING scroll of identify (30 gold).
  8543 | D:8      | Bought a scroll of identify for 30 gold pieces
  8543 | D:8      | 8543 ||| BUYING scroll of teleportation (45 gold).
  8543 | D:8      | Bought a scroll of teleportation for 45 gold pieces
  8554 | D:8      | 8554 ||| Stepping ~*~*~tactically~*~*~ (stealth).
  8638 | D:8      | Found Toaf's General Store.
  8646 | D:8      | 8646 ||| SHOPLISTING scroll of teleportation (39 gold, have
                  | 34).
  8716 | D:8      | 8716 ||| Stepping ~*~*~tactically~*~*~ (stealth).
  8718 | D:8      | 8718 ||| Stepping ~*~*~tactically~*~*~ (hiding).
  8733 | D:8      | 8733 ||| FLEEEEING.
  8735 | D:8      | 8735 ||| DRINKING 4 potions of curing.
  8735 | D:8      | 8735 ||| (to cure confusion)
  8887 | D:8      | 8887 ||| Stepping ~*~*~tactically~*~*~ (hiding).
  8898 | D:8      | 8898 ||| Stepping ~*~*~tactically~*~*~ (stealth).
  8903 | D:8      | 8903 ||| Stepping ~*~*~tactically~*~*~ (stealth).
  8906 | D:8      | Found a hide-covered altar of Uskayaw.
  8913 | D:8      | 8913 ||| INVOKING Berserk.
  8915 | D:8      | Reached skill level 1 in Throwing
  8929 | D:8      | Reached XP level 10. HP: 53/64 MP: 10/10
  8938 | D:8      | Reached **** piety under Trog
  8959 | D:8      | 8959 ||| FLEEEEING.
  8984 | D:8      | 8984 ||| FLEEEEING.
  8985 | D:8      | 8985 ||| FLEEEEING.
  8988 | D:8      | 8988 ||| STAIRDANCE
  9129 | D:7      | 9129 ||| UPGRADING to ring of protection from fire.
  9177 | D:8      | 9177 ||| Stepping ~*~*~tactically~*~*~ (stealth).
  9179 | D:8      | 9179 ||| Stepping ~*~*~tactically~*~*~ (stealth).
  9377 | D:9      | 9377 ||| INVOKING Berserk.
  9670 | D:9      | Noticed a two-headed ogre
  9674 | D:9      | 9674 ||| INVOKING Berserk.
  9676 | D:9      | Noticed a two-headed ogre
  9678 | D:9      | Killed a two-headed ogre
  9684 | D:9      | HP: 16/64 [two-headed ogre/+0 giant spiked club (5)]
  9685 | D:9      | 9685 ||| READING 4 scrolls of teleportation.
  9686 | D:9      | 9686 ||| DRINKING potion of heal wounds.
  9829 | D:9      | 9829 ||| READING scroll of enchant weapon.
  9829 | D:9      | 9829 ||| ENCHANTING +1 vorpal war axe.
  9983 | D:9      | 9983 ||| Stepping ~*~*~tactically~*~*~ (hiding).
  9984 | D:9      | 9984 ||| Stepping ~*~*~tactically~*~*~ (hiding).
  9993 | D:9      | 9993 ||| Stepping ~*~*~tactically~*~*~ (stealth).
  9996 | D:9      | 9996 ||| Stepping ~*~*~tactically~*~*~ (stealth).
 10233 | D:9      | 10233 ||| INVOKING Berserk.
 10235 | D:9      | Killed a two-headed ogre
 10302 | D:9      | Reached skill level 11 in Axes
 10304 | D:9      | 10304 ||| INVOKING Berserk.
 10612 | D:9      | Found a shimmering altar of Xom.
 10886 | D:10     | Entered Level 10 of the Dungeon
 10953 | D:10     | 10953 ||| Stepping ~*~*~tactically~*~*~ (stealth).
 10964 | D:10     | Reached skill level 9 in Fighting
 10968 | D:10     | 10968 ||| INVOKING Berserk.
 10977 | D:10     | HP: 23/99 [yak (9)]
 10980 | D:10     | Reached XP level 11. HP: 25/71 MP: 11/11
 10991 | D:10     | HP: 25/106 [yak (2)]
 10994 | D:10     | HP: 10/106 [yak (8)]
 10996 | D:10     | Reached skill level 12 in Axes
 11003 | D:10     | 11003 ||| READING 3 scrolls of teleportation.
 11374 | D:10     | 11374 ||| Stepping ~*~*~tactically~*~*~ (stealth).
 11375 | D:10     | 11375 ||| Stepping ~*~*~tactically~*~*~ (stealth).
 11390 | D:10     | 11390 ||| Stepping ~*~*~tactically~*~*~ (stealth).
 11522 | D:10     | Identified the +6 short sword of Lout {antimagic, *Rage
                  | Will+ rCorr Str+2}
 11608 | D:10     | 11608 ||| DRINKING 3 potions of curing.
 11608 | D:10     | 11608 ||| (to cure confusion)
 11616 | D:10     | Reached skill level 9 in Armour
 11696 | D:10     | 11696 ||| UPGRADING to amulet of regeneration.
 11718 | D:11     | Noticed a boulder beetle
 11719 | D:11     | 11719 ||| STAIRDANCE
 11725 | D:11     | 11725 ||| STAIRDANCE
 11727 | D:10     | 11727 ||| INVOKING Berserk.
 11840 | D:11     | 11840 ||| INVOKING Berserk.
 11850 | D:11     | 11850 ||| STAIRDANCE
 11966 | D:11     | 11966 ||| INVOKING Berserk.
 11974 | D:11     | Killed a boulder beetle
 12115 | D:11     | 12115 ||| INVOKING Berserk.
 12250 | D:11     | Found a staircase to the Orcish Mines.
 12259 | D:11     | Noticed a white ugly thing
 12263 | D:11     | 12263 ||| INVOKING Berserk.
 12270 | D:11     | Killed a white ugly thing
 12471 | D:11     | Found a staircase to the Lair.
 12471 | D:11     | Noticed an oklob plant
 12471 | D:11     | Noticed an oklob plant
 12473 | D:11     | 12473 ||| INVOKING Berserk.
 12483 | D:11     | Killed an oklob plant
 12690 | D:11     | 12690 ||| INVOKING Berserk.
 12833 | D:11     | 12833 ||| READING scroll of enchant weapon.
 12833 | D:11     | 12833 ||| ENCHANTING +2 vorpal war axe.
 12841 | D:11     | 12841 ||| READING scroll of enchant weapon.
 12841 | D:11     | 12841 ||| ENCHANTING +3 vorpal war axe.
 12921 | D:11     | Noticed a boulder beetle
 12925 | D:11     | 12925 ||| INVOKING Berserk.
 12931 | D:11     | Killed a boulder beetle
 13120 | D:11     | Noticed a boulder beetle
 13125 | D:11     | 13125 ||| INVOKING Berserk.
 13139 | D:11     | Killed a boulder beetle
 13140 | D:11     | Reached skill level 13 in Axes
 13287 | D:11     | 13287 ||| PLANNING LAIR
 13287 | D:11     | 13287 ||| UPGRADING to +2 helmet.
 13292 | D:11     | 13292 ||| READING 11 scrolls of identify.
 13292 | D:11     | 13292 ||| IDENTIFYING viscous purple potion
 13293 | D:11     | 13293 ||| DROPPING potion of brilliance.
 13321 | Lair:1   | Entered Level 1 of the Lair of Beasts
 13359 | Lair:1   | Noticed a fire crab
 13360 | Lair:1   | 13360 ||| Stepping ~*~*~tactically~*~*~ (hiding).
 13363 | Lair:1   | 13363 ||| DROPPING +6 ring of intelligence.
 13365 | Lair:1   | 13365 ||| Stepping randomly (cloudy).
 13366 | Lair:1   | 13366 ||| Stepping randomly (cloudy).
 13373 | Lair:1   | 13373 ||| INVOKING Berserk.
 13374 | Lair:1   | Killed a fire crab
 13384 | Lair:1   | Reached XP level 12. HP: 39/77 MP: 12/12
 13384 | Lair:1   | HP: 26/115 [cane toad (13)]
 13502 | Lair:1   | 13502 ||| INVOKING Berserk.
 13686 | Lair:1   | 13686 ||| INVOKING Berserk.
 13809 | Lair:1   | 13809 ||| INVOKING Berserk.
 13821 | Lair:1   | 13821 ||| READING 2 scrolls of teleportation.
 13823 | Lair:1   | 13823 ||| READING scroll of teleportation.
 13922 | Lair:1   | Noticed a death yak
 13926 | Lair:1   | Noticed a death yak
 13928 | Lair:1   | 13928 ||| Stepping ~*~*~tactically~*~*~ (stealth).
 13934 | Lair:1   | 13934 ||| Stepping ~*~*~tactically~*~*~ (stealth).
 13938 | Lair:1   | Reached skill level 14 in Axes
 13974 | Lair:1   | Noticed a death yak
 13975 | Lair:1   | Noticed a death yak
 13977 | Lair:1   | Noticed a death yak
 13979 | Lair:1   | Noticed a death yak
 13990 | Lair:1   | 13990 ||| INVOKING Berserk.
 14086 | Lair:1   | 14086 ||| INVOKING Berserk.
 14102 | Lair:1   | 14102 ||| Stepping ~*~*~tactically~*~*~ (water).
 14109 | Lair:1   | HP: 14/80 [death yak (8)]
 14110 | Lair:1   | 14110 ||| DRINKING potion of heal wounds.
 14111 | Lair:1   | HP: 2/80 [death yak (15)]
 14111 | Lair:1   | Demolished by a death yak

Levels and vault maps discovered:
D:1:      dpeg_arrival_arbitrary_c, layout_basic, grunt_decor_cap,
          minmay_misc_feat_enclosed, nicolae_titane
D:2:      layout_loops_ring, serial_shops, nicolae_shop_stone, shop, shop, shop,
          nicolae_diamond_shop
D:3:      layout_rooms, amcnicky_mini_rare_corridor_liquid
D:4:      layout_basic, minmay_misc_feat_encased
D:5:      layout_basic, serial_shops, shop, uniq_duvessa
D:6:      layout_rooms, corexii_shack, minmay_misc_feat_alley,
          uniq_crazy_yiuf_cottage
D:7:      layout_cave_pools, minmay_temple_entry_overgrown,
          minmay_guarded_unrand_staff_of_olgreb
D:8:      layout_rooms, lemuel_crystal_altar, serial_shops,
          nicolae_shop_crystal, shop, shop, special_room [special_room_orc]
D:9:      layout_layer_cave, tgw_xom, grunt_decor_mini_mirrors
D:10:     layout_gridville, minmay_misc_feat_pillars, wad_floor_pattern_1
D:11:     layout_roguey, dpeg_oklobed_lair, orc_0_dummy
Lair:1:   dpeg_oklob_gauntlet, layout_hall_layers, nicolae_lair_grazing_beasts
          [nicolae_sub_lair_graze_edge, nicolae_sub_lair_graze_edge,
          nicolae_sub_lair_graze_edge, nicolae_sub_lair_graze_edge]

Skill      XL: |  1  2  3  4  5  6  7  8  9 10 11 12 |
---------------+-------------------------------------+-----
Axes           | 3 4 5 6 8 9 10 11 13 14 | 14.3
Fighting       | 4 5 7 9 10 11 | 11.0
Dodging        | 2 |  2.1
Armour         | 6 8 9 10 | 10.0
Throwing       | 1 2 |  2.6

Action                   |  1- 3 |  4- 6 |  7- 9 | 10-12 || total
-------------------------+-------+-------+-------+-------++-------
Melee: Hand axe          |   119 |   129 |   239 |       ||   487
       Punch             |       |       |     7 |     2 ||     9
       War axe           |       |       |    44 |   385 ||   429
Throw: Boomerang         |       |       |     4 |    73 ||    77
Invok: Berserk           |     3 |     3 |    12 |    20 ||    38
  Use: Scroll            |     5 |     4 |    15 |     8 ||    32
       Potion            |     2 |       |     3 |     3 ||     8
Armor: Animal skin       |    20 |    52 |     5 |       ||    77
       Leather armour    |       |       |    38 |       ||    38
       Plate armour      |       |       |    52 |   250 ||   302
Dodge: Dodged            |    57 |    50 |   113 |   111 ||   331

Table legend:
 A = Non-vault XP
 B = Vault XP
 C = Vault XP percentage of total XP
 D = Non-vault monster count
 E = Vault monster count
 F = Vault count percentage of total count
                 A         B        C        D         E       F
            +---------+---------+-------+---------+---------+-------
      Total |   20859 |    5656 |  21.3 |     231 |      34 |  12.8
            +---------+---------+-------+---------+---------+-------
        D:1 |      35 |       0 |   0.0 |      18 |       0 |   0.0
        D:2 |      79 |       0 |   0.0 |      23 |       0 |   0.0
        D:3 |      31 |       0 |   0.0 |      16 |       0 |   0.0
        D:4 |     780 |       0 |   0.0 |      21 |       0 |   0.0
        D:5 |     942 |     218 |  18.8 |      17 |       2 |  10.5
        D:6 |     623 |       1 |   0.2 |      17 |       1 |   5.6
        D:7 |    1427 |       0 |   0.0 |      29 |       0 |   0.0
        D:8 |     466 |     330 |  41.5 |      14 |      20 |  58.8
        D:9 |    2751 |       0 |   0.0 |      16 |       0 |   0.0
       D:10 |    4071 |       0 |   0.0 |      30 |       0 |   0.0
       D:11 |    4692 |     557 |  10.6 |      11 |       1 |   8.3
     Lair:1 |    4962 |    4550 |  47.8 |      19 |      10 |  34.5
            +---------+---------+-------+---------+---------+-------
